AoeStats
← DonphanJoey

MegaRandom

509173032Analyzed
2v2 RM · 6d ago on Sep 25, 2026· 42m 57s· 4 players
Game mode
Random Map
Map size
Medium (4 player)
Population
200
Speed
Normal
Resources
Standard
Victory
Conquest
Starting age
Dark Age
Ending age
Imperial Age
RankedLock teamsTeams togetherTeam positionsShared explorationLock speedFull tech treeHidden civsTurbo modeCheats
Victory
Defeat
🇺🇸 Japanese · United States
1007
+18
🇬🇧 Bengalis · United Kingdom
993
+18
🇩🇪 Byzantines · Germany
1048
-18
🇩🇪 Italians · Germany
1047
-18
DonphanJoey
8:31 Loom
10:47 Feudal Age
12:21 Double-Bit Axe
12:49 Horse Collar
19:01 Castle Age
20:14 Heavy Plow
20:42 Bow Saw
22:35 Husbandry
24:59 Wheelbarrow
24:10 Town Watch
25:13 Scale Barding Armor
26:01 Stone Mining
26:03 Gold Mining
26:52 Bloodlines
29:16 Hand Cart
29:55 Town Watch
32:27 Chain Barding Armor
32:18 Forging
36:36 Imperial Age
35:44 Town Patrol
37:25 Iron Casting
37:32 Gold Shaft Mining
37:06 Elite Battle Elephant
38:53 Plate Barding Armor
39:22 Blast Furnace
39:18 Heavy Scorpion
41:03 Conscription
Sanjo
11:11 Feudal Age
10:43 Loom
12:14 Double-Bit Axe
12:14 Horse Collar
15:48 Castle Age
16:49 Gambesons
17:06 Squires
20:33 Bow Saw
21:52 Wheelbarrow
20:54 Elite Skirmisher
22:27 Gold Mining
22:20 Man-at-Arms
23:57 Fletching
24:18 Forging
24:49 Bodkin Arrow
25:18 Stone Mining
25:48 Padded Archer Armor
25:50 Pikeman
28:20 Gold Shaft Mining
28:38 Forging
28:29 Scale Mail Armor
31:18 Heavy Plow
32:56 Bloodlines
32:47 Husbandry
39:46 Imperial Age
37:01 Crossbowman
41:16 Caravan
41:16 Onager
42:41 Iron Casting
Letifery
11:48 Feudal Age
12:34 Loom
12:50 Horse Collar
13:16 Double-Bit Axe
17:52 Castle Age
20:11 Bow Saw
23:36 Fletching
27:11 Scale Barding Armor
28:07 Bodkin Arrow
28:34 Chain Barding Armor
29:40 Man-at-Arms
30:21 Squires
31:27 Long Swordsman
31:53 Arson
36:33 Imperial Age
34:06 Scale Mail Armor
35:55 Wheelbarrow
35:05 Town Watch
36:49 Chain Mail Armor
38:00 Conscription
38:09 Two-Handed Swordsman
39:46 Bodkin Arrow
43:27 Plate Mail Armor
42:58 Bracer
longlist
11:07 Feudal Age
12:48 Loom
15:14 Castle Age
13:30 Double-Bit Axe
14:08 Horse Collar
16:20 Bow Saw
21:43 Pikeman
24:29 Stone Mining
24:32 Gold Mining
24:55 Elite Skirmisher
26:20 Padded Archer Armor
26:11 Fletching
27:46 Wheelbarrow
29:20 Scale Mail Armor
29:31 Forging
29:40 Heavy Plow
30:43 Gold Shaft Mining
33:23 Imperial Age
31:51 Leather Archer Armor
32:31 Chain Mail Armor
32:12 Bodkin Arrow
32:23 Husbandry
32:18 Arson
32:34 Squires
35:31 Two-Man Saw
35:54 Conscription
35:43 Cavalier
39:15 Chemistry
40:40 Hand Cart
41:41 Halberdier
Connection lost

Rejoining the realm…

Still unreachable

The connection could not be restored.

Session expired

The server has moved on; the page needs a fresh start.